 Dungeon Crawl Stone Soup version 0.22-a0-422-g9628fc8 (webtiles) character file.

11 Goblin1989 the Chopper (level 2, -2/24 HPs)
             Began as a Demonspawn Chaos Knight on May 16, 2018.
             Slain by an iguana (9 damage)
             ... on level 4 of the Dungeon.
             The game lasted 00:02:09 (365 turns).

Goblin1989 the Chopper (Demonspawn Chaos Knight)     Turns: 365, Time: 00:02:10

Health: -2/24      AC:  5    Str: 12    XL:     2   Next: 17%
Magic:  2/2        EV: 11    Int: 13    God:    Xom [..*...]
Gold:   23         SH:  0    Dex: 12    Spells: 1/1 levels left

rFire    . . .     SeeInvis .   a - +0 hand axe (chaos)
rCold    . . .     Gourm    .   (no shield)
rNeg     . . .     Faith    .   b - +2 leather armour
rPois    .         Spirit   .   (no helmet)
rElec    .         Reflect  .   (no cloak)
rCorr    .         Harm     .   (no gloves)
MR       .....                  (no boots)
Stlth    +.........             (no amulet)
HPRegen  0.08/turn              (no ring)
MPRegen  0.08/turn              (no ring)

@: no status effects
A: hooves 1
a: Renounce Religion


You were on level 4 of the Dungeon.
You worshipped Xom.
You were a toy of Xom.
You were not hungry.

You visited 1 branch of the dungeon, and saw 4 of its levels.

You collected 23 gold pieces.

Inventory:

Hand Weapons
 a - a +0 hand axe of chaos (weapon)
Armour
 b - a +2 leather armour (worn)
Potions
 f - a potion of degeneration {unknown}
Comestibles
 e - a ration


   Skills:
 - Level 3.0 Fighting
 + Level 3.3 Axes
 - Level 1.7 Armour
 - Level 0.8 Dodging


You had one spell level left.
You didn't know any spells.
Your spell library was empty.

Dungeon Overview and Level Annotations

Branches:
Dungeon (4/15)
 Temple: D:4-7

Altars:


Innate Abilities, Weirdness & Mutations

You have large cloven feet.


Message History

You kill the rat!
Your Axes skill increases to level 3!
A rat comes into view.
The hobgoblin closely misses you.
You see here a rat corpse.
You hit the hobgoblin. You freeze the hobgoblin.
The hobgoblin is severely wounded.
The hobgoblin hits you. The hobgoblin barely misses you.
You take 2 damage, and have 16/18 hp.
You hit the hobgoblin but do no damage.
The hobgoblin is moving more slowly.
The hobgoblin is severely wounded.
The hobgoblin closely misses you.
You hit the hobgoblin. You burn the hobgoblin.
You kill the hobgoblin!
Found an escape hatch in the floor.
You see here a hobgoblin corpse.
You barely miss the rat. The rat closely misses you.
You hit the rat.
You feel better.
The rat is moderately wounded.
The rat barely misses you. The rat misses you.
Health restored: 18 You hit the rat.
You kill the rat!
You see here a rat corpse.
Found a stone staircase leading down.
You see here a dagger.
f - a ruby potion You now have 13 gold pieces (gained 3).
You now have 23 gold pieces (gained 10).
A jackal comes into view.
A jackal comes into view.
The jackal barks!
The jackal bites you. x2
The jackal barks!
You take 5 damage, and have 13/18 hp.
MASSIVE DAMAGE!!
You hit the jackal. You freeze the jackal.
You kill the jackal!
You hit the jackal but do no damage. The jackal closely misses you.
The jackal bites you but does no damage.
The jackal closely misses you.
You see here a jackal corpse.
The jackal bites you. The jackal closely misses you.
You take 2 damage, and have 11/18 hp.
You closely miss the jackal. The jackal barely misses you.
You barely miss the jackal. The jackal barely misses you. x2
You hit the jackal. You burn the jackal.
The jackal is moderately wounded.
The jackal barely misses you. The jackal bites you.
* * * LOW HITPOINT WARNING * * *
You take 3 damage, and have 8/18 hp.
You barely miss the jackal.
The jackal is lightly wounded.
The jackal barely misses you.
You hit the jackal.
The jackal is severely wounded.
The jackal bites you but does no damage.
The jackal barely misses you.
You hit the jackal but do no damage.
The jackal seems to speed up.
The jackal is severely wounded.
The jackal bites you but does no damage. x2
You hit the jackal.
You kill the jackal!
You have reached level 2!
Your demonic ancestry asserts itself...
Your feet thicken and deform.
You regained 3 hp, and now have 12/24 hp.
MP restored: 2 Unknown command.
There is a stone staircase leading down here.
You climb downwards.
An iguana comes into view.
There is a stone staircase leading up here.
A jackal comes into view.
The jackal barks!
The jackal moves out of view.
A jackal comes into view.
A jackal comes into view.
Found a stone staircase leading up.
The jackal barks!
You hear a bark!
The iguana closely misses you. The iguana barely misses you.
The jackal bites you but does no damage.
The iguana hisses menacingly.
The iguana closely misses you.
The jackal bites you but does no damage.
The jackal misses you.
You hit the jackal but do no damage. Your kick misses the jackal.
You hit the jackal.
The jackal is poisoned.
You hit the iguana but do no damage.
A jackal comes into view.
The jackal misses you. The jackal bites you. The iguana bites you.
* * * LOW HITPOINT WARNING * * *
You take 6 damage, and have 7/24 hp.
MASSIVE DAMAGE!!
You hit the jackal. Lightning courses through the jackal!
You kill the jackal!
You closely miss the jackal. You hit the iguana. You burn the iguana.
You kill the jackal!
The iguana bites you!
You die...
Xom bursts into laughter! ███████

██.....██
..█...<...██
............████<█
...........l@....█
.$█.........†███..█
. █.........██
█........h█
█..........
█........)..
█.........███
█.........█
......$..█


You could see an iguana and a jackal.

Vanquished Creatures
  A goblin (D:1)
  A hobgoblin (D:3)
  4 jackals
  A kobold (D:1)
  4 rats
  3 plants (D:1)
14 creatures vanquished.

Vanquished Creatures (others)
  A plant (D:1)
1 creature vanquished.

Grand Total: 15 creatures vanquished

Notes
Turn   | Place    | Note
-------+----------+-------------------------------------------
     0 | D:1      | Goblin1989 the Demonspawn Chaos Knight began the quest for the Orb.
     0 | D:1      | Reached XP level 1. HP: 18/18 MP: 1/1
    41 | D:1      | XOM: divination: magic mapping
   352 | D:3      | Gained mutation: You have large cloven feet. [demonic ancestry]
   352 | D:3      | Reached XP level 2. HP: 12/24 MP: 2/2
   365 | D:4      | Slain by an iguana

Vault maps used:
D:1:      dpeg_arrival_tiny_k, serial_bayou_lagoon_a
D:2:      kennysheep_jessica_study
D:4:      first_ration, uniq_crazy_yiuf_cottage

Skill      XL: |  1 |
---------------+----+-----
Axes           | 3 |  3.3
Fighting       | |  3.0
Armour         | |  1.7
Dodging        | |  0.8

Action                   || total
-------------------------++-------
Melee: Hand axe          ||   128
Armor: Leather armour    ||     9
Dodge: Dodged            ||    22

Table legend:
 A = Spawn XP
 B = Non-spawn XP
 C = Spawn XP percentage of total XP
 D = Spawn monster count
 E = Non-spawn monster count
 F = Spawn count percentage of total count
 G = Total turns spent on level
                    A         B        C        D         E        F      G
               +---------+---------+-------+---------+---------+-------+---------
         Total |       0 |      17 |   0.0 |       0 |      11 |   0.0 |   365
               +---------+---------+-------+---------+---------+-------+---------
           D:1 |       0 |       3 |   0.0 |       0 |       2 |   0.0 |   257
           D:2 |       0 |       2 |   0.0 |       0 |       2 |   0.0 |    42
           D:3 |       0 |       8 |   0.0 |       0 |       5 |   0.0 |    59
           D:4 |       0 |       4 |   0.0 |       0 |       2 |   0.0 |     7
               +---------+---------+-------+---------+---------+-------+---------

Vault maps used:
D:1:      dpeg_arrival_tiny_k, serial_bayou_lagoon_a
D:2:      kennysheep_jessica_study
D:4:      first_ration, uniq_crazy_yiuf_cottage
